 Dungeon Crawl Stone Soup version 0.28.0-45-g0d030f2227 (webtiles) character file.

Game seed: 533476693037781761

554 croobank the Shield-Bearer (level 7, 0/91 HPs)
             Began as a Minotaur Fighter on Apr 16, 2022.
             Slain by Edmund
             ... wielding a +3 vorpal flail
              (1 damage)
             ... on level 4 of the Dungeon.
             The game lasted 00:08:18 (3422 turns).

croobank the Shield-Bearer (Minotaur Fighter)       Turns: 3422, Time: 00:08:21

Health: 0/91       AC: 11    Str: 22 (23) XL:     7   Next: 8%
Magic:  2/6        EV:  2    Int:  2 (5)  God:
Gold:   106        SH:  0    Dex:  8 (9)  Spells: 6/6 levels left

rFire   . . .      SeeInvis .   a - +0 war axe
rCold   . . .      Faith    .   (no shield)
rNeg    . . .      Spirit   .   (armour currently unavailable)
rPois   +          Reflect  .   (helmet currently unavailable)
rElec   .          Harm     .   (cloak currently unavailable)
rCorr   .          Rampage  .   (gloves currently unavailable)
Will    .....      NoTele   +   (boots currently unavailable)
Stlth   +.........              (no amulet)
HPRegen 0.25/turn               (no ring)
MPRegen 0.10/turn               (no ring)

@: tree-form, corroded, attractive, studying Throwing
A: stationary, stasis, torment immunity, boosted hp, (horns 2), (retaliatory
headbutt)
a: no special abilities


You were on level 4 of the Dungeon.
You were a tree.
You visited 1 branch of the dungeon, and saw 4 of its levels.

You collected 106 gold pieces.

Inventory:

Hand Weapons
 a - a +0 war axe (weapon)
 o - the +6 quarterstaff "Woow" {antimagic, *Corrode rF+ Str+3}
   (You found it on level 4 of the Dungeon)

   It reduces the magical energy of the wielder, and disrupts the spells and
   magical abilities of those it strikes.
   Natural abilities and divine invocations are not affected.
   Str:       It affects your strength (+3).
   rF:        It protects you from fire.
   *Corrode:  It may corrode you when you take damage.
Missiles
 f - 13 arrows
 i - 58 stones (quivered)
 k - 3 javelins
 l - 5 poisoned darts
 m - 4 boomerangs
 n - 14 sling bullets
Armour
 b - a +0 scale mail (melded)
 c - a +0 buckler
Potions
 h - a potion of attraction


   Skills:
 - Level 5.6 Fighting
 - Level 4.8 Axes
 + Level 2.1 Staves
 - Level 5.6 Armour
 - Level 5.7 Shields


You had 6 spell levels left.
You didn't know any spells.
Your spell library contained the following spells:

 Spells                   Type           Power      Damage    Failure   Level
 Gell's Gravitas          Tloc           0%         N/A       89%         3
 Lesser Beckoning         Tloc           0%         N/A       89%         3
 Teleport Other           Tloc           0%         N/A       89%         3


Dungeon Overview and Level Annotations

Branches:
Dungeon (4/15)
 Temple: D:4-7

Altars:
Xom

Shops:
D:4 (

Annotations:
D:4 Edmund


Innate Abilities, Weirdness & Mutations

You are a tree.
Your roots penetrate the ground, keeping you stationary.
You cannot be teleported.
You are immune to unholy pain and torment.
Your maximum health is greatly increased.
Your equipment is partially melded.
((You have a pair of horns on your head.))
((You reflexively headbutt those who attack you in melee.))


Message History

You hit Edmund.
Edmund is lightly wounded.
The jackal bites you but does no damage.
The endoplasm hits you but does no damage.
Edmund hits you with a +3 vorpal flail!
* * * LOW HITPOINT WARNING * * *
x2 The jackal bites you but does no damage.
You feel magic returning to you.
a - a +0 war axe (weapon)
The endoplasm hits you but does no damage.
You hit Edmund.
Edmund is lightly wounded.
You completely miss the jackal. You hit the endoplasm but do no damage.
The jackal bites you.
* * * LOW HITPOINT WARNING * * *
Edmund hits you with a +3 vorpal flail!
* * * LOW HITPOINT WARNING * * *
x2 The jackal bites you but does no damage.
The endoplasm hits you but does no damage.
Edmund hits you with a +3 vorpal flail.
* * * LOW HITPOINT WARNING * * *
x2
Okay, then.
You aren't carrying any scrolls.
You barely miss Edmund.
Edmund is lightly wounded.
You hit the endoplasm but do no damage. You hit the jackal but do no damage.
The jackal bites you but does no damage.
The endoplasm hits you but does no damage.
Edmund hits you with a +3 vorpal flail!
* * * LOW HITPOINT WARNING * * *
x2 The jackal bites you.
* * * LOW HITPOINT WARNING * * *
You hit Edmund but do no damage.
Edmund is lightly wounded.
You closely miss the jackal. You barely miss the endoplasm.
The jackal barely misses you.
The endoplasm hits you but does no damage.
Edmund hits you with a +3 vorpal flail.
* * * LOW HITPOINT WARNING * * *
You die...

#.....# #.....# ###+##
#.....# #....# ##...#
#....# ##...## #....#
'.....# #....#
#....###### #....#
#....##...## #.@..#
#..........# #♣J..#
##...##...#######h..#
###+###...##...##...#####
+ ..............#.......#
# ..............#.......#
# ..............#.......#
# ........####'##.......#
...##...##...##.......#
... #....#............#


You could see Edmund, an endoplasm and a jackal.

Vanquished Creatures
  Grinder (D:3)
  An ogre (D:4)
  A bullfrog (D:4)
  A hound (D:4)
  4 gnolls (D:3)
  7 adders
  An ufetubus (D:4)
  3 worms
  2 dart slugs (D:2)
  5 orcs (D:4)
  3 ball pythons
  5 bats
  4 endoplasms
  3 giant cockroaches
  6 hobgoblins
  A jackal (D:4)
  7 kobolds
  2 quokkas
  A frilled lizard (D:2)
  2 goblins (D:1)
  4 rats
64 creatures vanquished.

Notes
Turn   | Place    | Note
-------+----------+-------------------------------------------
     0 | D:1      | croobank the Minotaur Fighter began the quest for the Orb.
     0 | D:1      | Reached XP level 1. HP: 19/19 MP: 0/0
    62 | D:1      | Found a faded altar of an unknown god.
   257 | D:1      | Reached XP level 2. HP: 27/27 MP: 1/1
   894 | D:2      | Found a shimmering altar of Xom.
  1154 | D:2      | Reached XP level 3. HP: 33/33 MP: 2/2
  1908 | D:2      | Reached XP level 4. HP: 41/41 MP: 3/3
  2253 | D:3      | Noticed Grinder
  2256 | D:3      | Paralysed by Grinder for 5 turns
  2265 | D:3      | Killed Grinder
  2266 | D:3      | Reached skill level 5 in Fighting
  2266 | D:3      | Reached skill level 5 in Armour
  2266 | D:3      | Reached skill level 5 in Shields
  2266 | D:3      | Reached XP level 5. HP: 33/48 MP: 4/4
  2266 | D:3      | Reached XP level 6. HP: 39/56 MP: 5/5
  3056 | D:4      | Found Cemal's Weapon Shop.
  3136 | D:4      | Identified the +6 quarterstaff "Woow" {antimagic, *Corrode
                  | rF+ Str+3}
  3313 | D:4      | Reached XP level 7. HP: 54/61 MP: 2/6
  3385 | D:4      | Noticed Edmund
  3421 | D:4      | HP: 3/91 [Edmund/+3 vorpal flail (2)]
  3422 | D:4      | HP: 1/91 [Edmund/+3 vorpal flail (1)]
  3422 | D:4      | Slain by Edmund

Illustrated notes

Levels and vault maps discovered:
D:1:      giann_wishing_wells, layout_loops_cross,
          dreamdust_ecumenical_altar_angels_and_demons,
          chequers_serial_rivers_small_3
D:2:      layout_basic, basic_altar
D:3:      layout_loops_cross, uniq_grinder
D:4:      layout_gridville, serial_shops, nicolae_stop_n_shop_1, uniq_edmund

Skill      XL: |  1  2  3  4  5  6 |
---------------+-------------------+-----
Fighting       | 4 5 |  5.6
Axes           | 3 4 |  4.8
Armour         | 4 5 |  5.6
Shields        | 4 5 |  5.7
Staves         | 2 |  2.1

Action                   |  1- 3 |  4- 6 |  7- 9 || total
-------------------------+-------+-------+-------++-------
Melee: War axe           |    67 |    55 |     3 ||   125
       Headbutt          |     6 |     9 |       ||    15
       Quarterstaff      |       |     3 |    12 ||    15
  Use: Potion            |       |     1 |    10 ||    11
       Scroll            |       |     3 |       ||     3
Armor: Scale mail        |    31 |    30 |       ||    61
       Skin              |       |       |    42 ||    42
Dodge: Dodged            |    37 |    33 |    11 ||    81
Block: Buckler           |    12 |    12 |       ||    24
